 Dungeon Crawl Stone Soup version 0.28-a0-987-g8383568036 (webtiles) character file.

Game seed: 3871256895965002272

76 Conn the Sneak (level 4, -2/27 HPs)
             Began as an Octopode Fire Elementalist on Dec 4, 2021.
             Slain by Crazy Yiuf (4 damage)
             ... on level 2 of the Dungeon.
             The game lasted 00:03:14 (2494 turns).

Conn the Sneak (Octopode Fire Elementalist)         Turns: 2494, Time: 00:03:14

Health: -2/27      AC:  1    Str:  7    XL:     4   Next: 32%
Magic:  5/8        EV: 13    Int: 19    God:
Gold:   72         SH:  0    Dex: 12    Spells: 7/8 levels left

rFire   . . .      SeeInvis .   j - +2 dagger (venom)
rCold   . . .      Faith    .   (no shield)
rNeg    . . .      Spirit   .   (helmet restricted)
rPois   .          Reflect  .   (no amulet)
rElec   .          Harm     .   (no ring)
rCorr   .          Rampage  .   (no ring)
Will    .....                   (no ring)
Stlth   +++.......              (no ring)
HPRegen 0.09/turn               (no ring)
MPRegen 0.11/turn               (no ring)
                                (no ring)
                                (no ring)

@: no status effects
A: almost no armour, amphibious, 8 rings, camouflage 1, gelatinous body 1,
(nimble swimmer 1), tentacles
a: no special abilities


You were on level 2 of the Dungeon.
You visited 1 branch of the dungeon, and saw 2 of its levels.

You collected 72 gold pieces.

Inventory:

Hand Weapons
 b - a +0 dagger
 j - a +2 dagger of venom (weapon)
Missiles
 i - 51 sling bullets
Jewellery
 c - a ring of ice
Wands
 k - a wand of flame (26)
Scrolls
 f - 2 scrolls of identify {unknown}
 g - a scroll of noise {unknown}
 h - a scroll of teleportation {unknown}
Potions
 a - a potion of flight {unknown}
 d - a potion of berserk rage {unknown}
 e - a potion of resistance
 l - a potion of heal wounds {unknown}


   Skills:
 + Level 0.1 Fighting
 + Level 2.2 Dodging
 + Level 4.2 Stealth
 + Level 2.7 Spellcasting
 + Level 1.0 Conjurations
 + Level 3.6 Fire Magic


You had 7 spell levels left.
You knew the following spells:

 Your Spells              Type           Power      Damage    Failure   Level
a - Foxfire               Conj/Fire      44%        2x1d6     6%          1

Your spell library contained the following spells:

 Spells                   Type           Power      Damage    Failure   Level
 Scorch                   Fire           32%        2d7       5%          2
 Conjure Flame            Conj/Fire      11%        6-21      19%         3
 Inner Flame              Hex/Fire       9%         N/A       22%         3
 Flame Wave               Conj/Fire      11%        2d5       52%         4


Dungeon Overview and Level Annotations

Branches:
Dungeon (2/15)

Altars:

Annotations:
D:2 Crazy Yiuf


Innate Abilities, Weirdness & Mutations

You cannot wear most types of armour.
You are amphibious.
You can wear up to eight rings at the same time.
Your skin changes colour to match your surroundings (Stealth+).
Your rubbery body absorbs attacks. (AC +1, EV +1)
((You are camouflaged near water. (Stealth+)))
You have tentacles for arms and can constrict up to eight enemies at once.


Message History

Unknown command.
There is a fountain of clear blue water here.
Unknown command.
Casting: Foxfire (safe; 6% risk of failure)
Confirm with . or Enter, or press ? or * to list all spells.
You conjure some foxfire!
Crazy Yiuf barely misses you.
Unknown command.
Casting: Foxfire (safe; 6% risk of failure)
Confirm with . or Enter, or press ? or * to list all spells.
You conjure some foxfire!
The foxfire hits Crazy Yiuf.
Crazy Yiuf resists.
Crazy Yiuf is severely wounded.
Crazy Yiuf hits you with a +3 quarterstaff of chaos!
Space warps around you.
Unknown command.
The foxfire hits Crazy Yiuf.
Crazy Yiuf resists.
Crazy Yiuf is severely wounded.
The foxfire hits Crazy Yiuf.
Crazy Yiuf completely resists.
Crazy Yiuf is severely wounded.
The foxfire hits Crazy Yiuf but does no damage.
Crazy Yiuf is severely wounded.
Unknown command.
Crazy Yiuf cries, "Shadow!"
Unknown command.
Crazy Yiuf screams, "Nubble rumpyflump mumblescurry!"
Crazy Yiuf yells, "Key snockshim mumblescurry!"
Crazy Yiuf laughs, "Island!
Goober senile light."
Crazy Yiuf yells, "Papa dark senile!"
Crazy Yiuf laughs, "Gum rumpyflump childish!"
Crazy Yiuf is no longer unusually resistant.
Crazy Yiuf yells, "Cholesterol Xom sow!"
Crazy Yiuf says, "Snoogle!
Pitchfork koolooloo action."
Crazy Yiuf sings, "Trees, trees, trees, circus!"
You see here 14 stones.
Casting: Foxfire (safe; 6% risk of failure)
Confirm with . or Enter, or press ? or * to list all spells.
You conjure some foxfire!
Crazy Yiuf hits you with a +3 quarterstaff of chaos!
* * * LOW HITPOINT WARNING * * *
Crazy Yiuf freezes you.
You die...

....###.............#
#. ...##
##............# ## ...#
#............# ##.#
#............## #.#
#.......(.....# ##.#
#......#...##.#
.+.#####.....#######.##
g.....#.≈.≈.≈.≈v≈.≈...#
....#..⌠...⌠...g@..⌠..#
.+.##.≈.≈.≈.≈.≈.≈v≈.≈.#
#####....⌠...⌠...⌠....#
#.≈.≈.≈.≈.≈.≈.≈.≈.#
#..⌠...⌠...⌠...⌠..#
#.≈.≈.≈.≈.≈.≈.≈.≈.#
#....⌠...⌠...⌠....#
#.≈.≈.≈.≈.≈.≈.≈.≈##
#..⌠†..⌠...⌠...⌠.#


You could see Crazy Yiuf (ally target).

Vanquished Creatures
  A jelly (D:2)
  5 dart slugs
  3 ball pythons
  3 bats
  7 endoplasms
  2 giant cockroaches (D:1)
  6 goblins
  A hobgoblin (D:1)
  A quokka (D:2)
  2 frilled lizards (D:1)
  3 kobolds
  2 rats (D:1)
36 creatures vanquished.

Vanquished Creatures (others)
  126 foxfires
126 creatures vanquished.

Grand Total: 162 creatures vanquished

Notes
Turn   | Place    | Note
-------+----------+-------------------------------------------
     0 | D:1      | Conn the Octopode Fire Elementalist began the quest for the
                  | Orb.
     0 | D:1      | Reached XP level 1. HP: 11/11 MP: 3/3
    22 | D:1      | Reached skill level 3 in Stealth
   258 | D:1      | Reached XP level 2. HP: 15/17 MP: 0/5
  1039 | D:1      | Reached XP level 3. HP: 16/21 MP: 1/6
  2314 | D:2      | Reached skill level 4 in Stealth
  2314 | D:2      | Reached XP level 4. HP: 27/27 MP: 4/8
  2426 | D:2      | Found a runed translucent door.
  2427 | D:2      | Noticed Crazy Yiuf
  2494 | D:2      | Slain by Crazy Yiuf

Illustrated notes

Levels and vault maps discovered:
D:1:      kennysheep_arrival_forest, layout_basic, minivault_26,
          minmay_pentomino_s2
D:2:      layout_rooms, ebering_ecumenical_altar_ruins, st_stairs_2,
          kennysheep_crisscross, uniq_crazy_yiuf_cottage

Skill      XL: |  1  2  3 |
---------------+----------+-----
Stealth        | 3 4 |  4.2
Fighting       | |  0.1
Dodging        | |  2.2
Spellcasting   | |  2.7
Conjurations   | |  1.0
Fire Magic     | |  3.6

Action                   |  1- 3 |  4- 6 || total
-------------------------+-------+-------++-------
Melee: Unarmed           |     6 |       ||     6
       Tentacles         |     4 |       ||     4
       Dagger            |    18 |       ||    18
       Constrict         |     1 |       ||     1
 Cast: Foxfire           |    62 |    13 ||    75
 Stab: Sleeping          |     2 |       ||     2
Armor: Skin              |     3 |       ||     3
Dodge: Dodged            |    21 |     1 ||    22

Table legend: (Time is in decaauts)
 A = Elapsed time spent in this place.
 B = Non-inter-level travel time spent in this place.
 C = Inter-level travel time spent in this place.
 D = Time resting spent in this place.
 E = Time spent auto-exploring this place.
 F = Levels seen in this place.
 G = Mean time per level.
                   A        B        C        D        E       F      G
               +--------+--------+--------+--------+--------+-----+--------+
         Total |   2492 |   2492 |      0 |      0 |   2037 |   2 | 1246.0 |
       Dungeon |   2492 |   2492 |      0 |      0 |   2037 |   2 | 1246.0 |
               +--------+--------+--------+--------+--------+-----+--------+

Top non-repeatable levels by time:
     D:1: 1695 daAuts
     D:2: 797 daAuts
